 Dungeon Crawl Stone Soup version 0.30-a0-726-gd89dcf765f (webtiles) character file.

Game seed: 12263553533910164423

604 scionoferis the Shooter (level 6, 0/46 HPs)
             Began as a Demigod Hexslinger on Jan 29, 2023.
             Slain by an orc
             ... wielding a +0 mace
              (3 damage)
             ... on level 5 of the Dungeon.
             The game lasted 00:11:56 (4569 turns).

scionoferis the Shooter (Demigod Hexslinger)        Turns: 4569, Time: 00:11:56

Health: 0/46       AC:  3    Str: 11    XL:     6   Next: 98%
Magic:  10/10      EV: 14    Int: 15    God:
Gold:   216        SH:  0    Dex: 22    Spells: 6/7 levels left

rFire   + . .      SeeInvis .    a - +2 whip (drain)
rCold   . . .      Faith    .    (no shield)
rNeg    . . .      Spirit   .    c - +0 robe
rPois   .          Reflect  .    (no helmet)
rElec   .          Harm     .    t - +0 cloak
rCorr   .          Rampage  .    (no gloves)
Will    .....                    (no boots)
Stlth   +++                      (no amulet)
HPRegen 0.27/turn                d - ring of protection from fire
MPRegen 0.12/turn                (no ring)

@: no status effects
A: high MP 1, forlorn, divine attributes
a: no special abilities


You were on level 5 of the Dungeon.
You visited 1 branch of the dungeon, and saw 5 of its levels.
You also visited: Sewer.

You collected 256 gold pieces.
You spent 40 gold pieces at shops.


Innate Abilities, Weirdness & Mutations

You have an increased reservoir of magic. (+10% MP)
You shall have no god before yourself.
Your divine heritage dramatically boosts your attributes as you level up.


   Skills:
 - Level 0.8 Fighting
 * Level 5.3 Ranged Weapons
 + Level 3.8 Dodging
 + Level 3.5 Stealth
 - Level 1.0 Spellcasting
 - Level 2.6 Hexes


You had 6 spell levels left.
You knew the following spells:

 Your Spells              Type           Power      Damage    Failure   Level
a - Slow                  Hex            32%        N/A       9%          1

Your spell library contained the following spells:

 Spells                   Type           Power      Damage    Failure   Level
 Beastly Appendage        Tmut           0%         N/A       24%         1
 Tukima's Dance           Hex            8%         N/A       24%         3
 Wereblood                Tmut           0%         N/A       36%         2
 Inner Flame              Hex/Fire       4%         N/A       38%         3
 Portal Projectile        Hex/Tloc       8%         N/A       38%         3
 Spider Form              Tmut/Pois      0%         N/A       58%         3
 Cause Fear               Hex            4%         N/A       63%         4
 Passage of Golubria      Tloc           0%         N/A       94%         4
 Yara's Violent Unravell  Hex/Tmut       2%         3d3       98%         5

Inventory:

Hand Weapons
 a - a +2 whip of draining (weapon)
   (You took it off a kobold on level 1 of the Dungeon)
 b - a +1 sling
Missiles
 e - 6 poisoned darts
 u - 5 boomerangs
 y - a boomerang of dispersal
Armour
 c - a +0 robe (worn)
 t - a +0 cloak (worn)
   (You found it on level 3 of the Dungeon)
Magical Staves
 g - a staff of death
   (You found it on level 3 of the Dungeon)
Jewellery
 d - a ring of protection from fire (left hand)
   (You found it on level 1 of the Dungeon)
 q - a ring of ice
   (You found it on level 2 of the Dungeon)
Scrolls
 f - 2 scrolls of fear
 h - a scroll of poison
 j - a scroll of immolation
 k - a scroll of amnesia
 l - 3 scrolls of blinking
 m - 2 scrolls of brand weapon
 o - a scroll of noise
 p - 4 scrolls of enchant armour
 x - a scroll of identify
Potions
 i - 2 potions of curing
 n - 3 potions of degeneration {unknown}
 r - 4 potions of heal wounds {unknown}
 s - 3 potions of ambrosia {unknown}
 v - 2 potions of brilliance {unknown}
 w - a potion of invisibility {unknown}

Dungeon Overview and Level Annotations

Branches:
Dungeon (5/15)              Sewer (visited)
 Temple: D:4-7

Shops:
D:4 ?

Annotations:
D:5 2 runed translucent doors

#..# #....####### #..##
###........... ##..##
###.#...........
#...####...########'###
##...........# ##...#
#...........###..###
#..##<..÷.#..#...##
#..####o...##...###
#..# #@)..###..## #..#
#.....###..####### #..#
##.##.).##.......>. ..#
#..###.............
#.g# ##............
#..# ##......#####
#..## ###.#### ##..#
### #..#


You could see a gnoll and an orc.


Message History

You shoot a sling bullet.
The sling bullet closely misses the rat.
The rat bites you but does no damage.
You shoot a sling bullet. The sling bullet barely misses the rat.
The rat completely misses you. The rat closely misses you.
You shoot a sling bullet.
The sling bullet closely misses the rat.
The rat barely misses you.
You shoot a sling bullet. The sling bullet hits the rat.
You kill the rat!
No target in view!
No target in view!
You see here a rat corpse.
Found a hazy altar of Hepliaklqana.
Found a shadowy altar of Dithmenos.
m - 2 scrolls of brand weapon (gained 1)
You see here a rat corpse.
You see here a +0 short sword.
Items here: )))) [[.
Done exploring.
Search for what [Enter for "d:", or ? for help]? d: Unknown command.
Unknown command.
Items here: )))) [[.
There is a stone staircase leading down here.
You climb downwards.
You hear the sound of rushing water.
There is an entrance to a sewer on this level.
Hurry and find it before the portal rusts away!
Found 22 gold pieces.
There is a stone staircase leading up here.
Okay, then.
Unknown command.
Found 13 gold pieces.
An endoplasm comes into view.
You shoot a sling bullet. The sling bullet hits the endoplasm.
The endoplasm is almost dead.
You shoot a sling bullet. The sling bullet hits the endoplasm.
You kill the endoplasm!
An endoplasm comes into view.
Found a robe and 13 gold pieces.
You shoot a sling bullet. The sling bullet hits the endoplasm.
The endoplasm quivers.
The endoplasm is heavily wounded.
You shoot a sling bullet. The sling bullet hits the endoplasm.
You kill the endoplasm!
Found a stone staircase leading up.
A worm comes into view.
You shoot a sling bullet. The sling bullet hits the worm.
The worm is moderately wounded.
You shoot a sling bullet. The sling bullet hits the worm!
The worm is severely wounded.
You shoot a sling bullet. The sling bullet hits the worm.
The worm is almost dead.
You shoot a sling bullet.
The sling bullet hits the worm but does no damage.
The worm is severely wounded.
You shoot a sling bullet. The sling bullet hits the worm.
The worm is almost dead.
You shoot a sling bullet.
The sling bullet hits the worm but does no damage.
The worm is almost dead.
You sense an unholy aura.
a - a +2 whip of draining (weapon)
You hit the worm.
You kill the worm!
No target in view!
b - a +1 sling (weapon)
You see here a worm corpse.
You hear the slow rusting of a distant drain.
You hear the slow rusting of a very distant drain.
Found a stone staircase leading down.
A hound comes into view.
You shoot a sling bullet. The sling bullet hits the hound.
The hound barks!
The hound is lightly wounded.
You shoot a sling bullet.
The sling bullet barely misses the hound.
You shoot a sling bullet. The sling bullet hits the hound.
The hound is moderately wounded.
You shoot a sling bullet.
The sling bullet closely misses the hound.
The hound misses you.
You sense an unholy aura.
a - a +2 whip of draining (weapon)
The hound misses you.
You hit the hound.
The hound is severely wounded.
You hear the slow rusting of a drain very nearby.
The hound barely misses you. The hound closely misses you.
You miss the hound.
The hound is severely wounded.
The hound bites you.
You hit the hound. You drain the hound.
You kill the hound!
b - a +1 sling (weapon)
Found a dagger.
You hear the rusting of a drain very nearby.
A quokka and a giant cockroach come into view.
Found a glowing drain.
You shoot a sling bullet. The sling bullet hits the quokka!
You kill the quokka!
A quokka comes into view.
You shoot a sling bullet. The sling bullet hits the quokka.
The quokka is lightly wounded.
The quokka misses you. The quokka attacks as you move away!
The quokka barely misses you. The quokka attacks as you move away!
The quokka closely misses you.
You shoot a sling bullet. The sling bullet hits the quokka!
You kill the quokka!
You shoot a sling bullet.
The sling bullet hits the giant cockroach.
The giant cockroach is severely wounded.
You shoot a sling bullet.
The sling bullet hits the giant cockroach.
You kill the giant cockroach!
A quokka comes into view.
The quokka closely misses you.
You shoot a sling bullet.
The sling bullet hits the quokka but does no damage.
The quokka closely misses you.
You shoot a sling bullet. The sling bullet hits the quokka!
You kill the quokka!
No target in view!
You see here a quokka corpse.
A quokka comes into view.
You shoot a sling bullet. The sling bullet misses the quokka.
You shoot a sling bullet. The sling bullet hits the quokka.
The quokka is heavily wounded.
You shoot a sling bullet.
The sling bullet barely misses the quokka.
You shoot a sling bullet.
The sling bullet hits the quokka but does no damage.
The quokka is heavily wounded.
You shoot a sling bullet.
The sling bullet closely misses the quokka.
You shoot a sling bullet.
The sling bullet closely misses the quokka.
You sense an unholy aura.
a - a +2 whip of draining (weapon)
The quokka splashes around in the water.
You hit the quokka.
You kill the quokka!
No target in view!
b - a +1 sling (weapon)
You enter the shallow water.
Moving in this stuff is going to be slow.
A quokka comes into view.
You see here a quokka corpse.
You shoot a sling bullet. The sling bullet hits the quokka.
The quokka is moderately wounded.
You shoot a sling bullet.
The sling bullet closely misses the quokka.
You shoot a sling bullet. The sling bullet hits the quokka.
The quokka is almost dead.
You shoot a sling bullet.
The sling bullet completely misses the quokka.
You shoot a sling bullet. The sling bullet hits the quokka.
You kill the quokka!
You enter the shallow water.
Moving in this stuff is going to be slow.
You see here a quokka corpse.
There is a glowing drain here.
Unknown command.
The world spins around you as you enter the gateway.
You enter a sewer!
Found a gate leading back out of this place.
There is an empty arch of ancient stone here.
You enter the shallow water.
Moving in this stuff is going to be slow.
A frilled lizard comes into view.
You shoot a sling bullet.
The sling bullet hits the frilled lizard.
You kill the frilled lizard!
A rat comes into view.
You shoot a sling bullet.
The sling bullet closely misses the rat.
You shoot a sling bullet.
The sling bullet completely misses the rat.
A river rat comes into view.
The rat splashes around in the water.
You shoot a sling bullet. The sling bullet barely misses the rat.
The sling bullet closely misses the river rat.
The rat splashes around in the water.
A rat comes into view.
You shoot a sling bullet.
The sling bullet closely misses the river rat.
The rat bites you.
You sense an unholy aura.
a - a +2 whip of draining (weapon)
The rat twitches its whiskers.
The rat splashes around in the water.
The river rat barely misses you.
You hit the river rat but do no damage. You drain the river rat.
The river rat is moderately wounded.
The rat bites you but does no damage. The river rat bites you.
You closely miss the river rat.
The river rat is moderately wounded.
The rat bites you.
The rat splashes around in the water.
The river rat bites you.
You hit the river rat but do no damage. You drain the river rat.
The river rat is heavily wounded.
The rat bites you but does no damage. The rat misses you.
The river rat bites you.
You hit the river rat.
The river rat is severely wounded.
The rat bites you. The rat barely misses you. The river rat barely misses you.
You hit the river rat but do no damage.
The river rat is severely wounded.
The rat closely misses you. The rat bites you but does no damage.
A rat comes into view.
The river rat barely misses you.
You barely miss the river rat.
The river rat is severely wounded.
The rat splashes around in the water.
The rat bites you but does no damage. The river rat bites you.
The rat bites you but does no damage.
The rat splashes around in the water.
You hit the river rat but do no damage. You drain the river rat.
Your punch misses the river rat.
The river rat is almost dead.
The river rat twitches its whiskers.
The river rat barely misses you. The rat barely misses you. The rat bites you.
You hit the river rat.
You kill the river rat!
The rat closely misses you.
You closely miss the rat. The rat closely misses you.
The rat completely misses you.
You closely miss the rat. The rat misses you. The rat bites you.
The rat splashes around in the water.
You closely miss the rat. The rat bites you. x2
The rat splashes around in the water.
You closely miss the rat.
The rat bites you but does no damage. x2
The rat completely misses you.
You hit the rat.
You kill the rat!
The rat bites you. The rat bites you but does no damage.
You hit the rat.
The rat is severely wounded.
The rat bites you. The rat misses you.
You hit the rat.
You kill the rat!
The rat splashes around in the water.
You hit the rat.
You kill the rat!
You enter the shallow water.
Moving in this stuff is going to be slow.
You start resting.
HP restored.
b - a +1 sling (weapon)
You enter the shallow water.
Moving in this stuff is going to be slow.
A river rat comes into view.
You shoot a sling bullet. The sling bullet hits the river rat.
The river rat is lightly wounded.
You shoot a sling bullet.
The sling bullet barely misses the river rat.
A rat comes into view.
You shoot a sling bullet. The sling bullet hits the river rat.
The river rat is moderately wounded.
You sense an unholy aura.
a - a +2 whip of draining (weapon)
The river rat closely misses you.
You hit the river rat but do no damage. You drain the river rat.
The river rat is heavily wounded.
The river rat bites you but does no damage.
You hit the river rat.
The river rat is heavily wounded.
The river rat bites you but does no damage.
You hit the river rat but do no damage.
The river rat is heavily wounded.
The river rat bites you.
You completely miss the river rat.
The river rat is heavily wounded.
The river rat bites you.
You barely miss the river rat.
The river rat is heavily wounded.
The river rat misses you.
You hit the river rat. You drain the river rat.
You kill the river rat!
You whack the rat!
You kill the rat!
No target in view!
b - a +1 sling (weapon)
You start resting.
HP restored.
Things that are here:
a rat corpse; a river rat corpse You enter the shallow water.
Moving in this stuff is going to be slow.
An adder and a frilled lizard come into view.
Found a pink potion.
You shoot a sling bullet. The sling bullet hits the adder.
The adder hisses angrily.
The adder is moderately wounded.
The adder bites you but does no damage. The adder attacks as you move away!
The adder barely misses you. The adder closely misses you.
You sense an unholy aura.
a - a +2 whip of draining (weapon)
The adder bites you but does no damage.
You closely miss the adder.
The adder is moderately wounded.
The adder bites you but does no damage. The adder barely misses you.
You hit the adder but do no damage. You drain the adder.
The adder is heavily wounded.
The adder bites you but does no damage.
You closely miss the adder. You punch the adder.
The adder is almost dead.
The adder bites you.
You are poisoned.
The adder poisons you! The adder closely misses you.
You closely miss the adder.
The adder is almost dead.
You feel sick.
You are no longer poisoned.
The adder bites you but does no damage.
You miss the adder.
The adder is almost dead.
The adder closely misses you.
You hit the adder but do no damage. You drain the adder.
You kill the adder!
You hit the frilled lizard but do no damage.
The frilled lizard bites you but does no damage.
You barely miss the frilled lizard. The frilled lizard closely misses you.
You closely miss the frilled lizard.
The frilled lizard bites you but does no damage.
You miss the frilled lizard. The frilled lizard barely misses you.
You closely miss the frilled lizard.
The frilled lizard bites you but does no damage.
You closely miss the frilled lizard. The frilled lizard closely misses you.
The frilled lizard misses you.
You barely miss the frilled lizard.
The frilled lizard bites you but does no damage.
You barely miss the frilled lizard. The frilled lizard closely misses you.
You whack the frilled lizard!
You kill the frilled lizard!
b - a +1 sling (weapon)
You start waiting.
Done waiting.
You enter the shallow water.
Moving in this stuff is going to be slow.
Things that are here:
a frilled lizard corpse; an adder corpse You enter the shallow water.
Moving in this stuff is going to be slow.
s - 3 amethyst potions (gained 2)
w - a pink potion You enter the shallow water.
Moving in this stuff is going to be slow.
You enter the shallow water.
Moving in this stuff is going to be slow.
Things that are here:
a frilled lizard corpse; an adder corpse You enter the shallow water.
Moving in this stuff is going to be slow.
Things that are here:
a frilled lizard corpse; an adder corpse You enter the shallow water.
Moving in this stuff is going to be slow.
You enter the shallow water.
Moving in this stuff is going to be slow.
You enter the shallow water.
Moving in this stuff is going to be slow.
A frilled lizard comes into view.
The frilled lizard hisses angrily.
You hear an angry hiss.
You shoot a sling bullet.
The sling bullet closely misses the frilled lizard.
An adder comes into view.
You shoot a sling bullet.
The sling bullet hits the frilled lizard.
You kill the frilled lizard!
You shoot a sling bullet. The sling bullet hits the adder.
The adder is heavily wounded.
You shoot a sling bullet.
The sling bullet barely misses the adder.
You sense an unholy aura.
a - a +2 whip of draining (weapon)
You closely miss the adder.
The adder is heavily wounded.
The adder bites you but does no damage. x2
You miss the adder.
The adder is heavily wounded.
The adder closely misses you.
You closely miss the adder.
The adder is heavily wounded.
The adder barely misses you.
You hit the adder.
The adder is almost dead.
The adder barely misses you. x2
You hit the adder.
You kill the adder!
You have reached level 6!
Your experience leads to a dramatic increase in your attributes!
Increase (S)trength, (I)ntelligence, or (D)exterity?
You feel agile. x4
b - a +1 sling (weapon)
You enter the shallow water.
Moving in this stuff is going to be slow.
A rat comes into view.
You see here an adder corpse.
You shoot a sling bullet. The sling bullet hits the rat!
You kill the rat!
You enter the shallow water.
Moving in this stuff is going to be slow.
You see here an adder corpse.
You enter the shallow water.
Moving in this stuff is going to be slow.
You enter the shallow water.
Moving in this stuff is going to be slow.
x - a scroll of identify
f - 3 scrolls of fear (gained 1)
You enter the shallow water.
Moving in this stuff is going to be slow.
You enter the shallow water.
Moving in this stuff is going to be slow.
A rat comes into view.
You shoot a sling bullet.
The sling bullet hits the rat but does no damage.
You shoot a sling bullet. The sling bullet hits the rat.
You kill the rat!
You sense an unholy aura.
a - a +2 whip of draining (weapon)
b - a +1 sling (weapon)
Found a gate leading back out of this place.
A frilled lizard and an adder come into view.
You shoot a sling bullet.
The sling bullet hits the adder but does no damage.
The adder hisses angrily.
You shoot a sling bullet. The sling bullet hits the adder!
The adder is almost dead.
You sense an unholy aura.
a - a +2 whip of draining (weapon)
The adder bites you.
You closely miss the adder.
The adder is almost dead.
The adder bites you but does no damage.
You miss the adder.
The adder is almost dead.
The adder bites you.
You are poisoned.
The adder poisons you! The adder misses you.
The adder attacks as you move away! The adder closely misses you.
You feel sick.
You hit the adder.
You kill the adder!
You feel sick.
You closely miss the frilled lizard.
You feel sick. The frilled lizard barely misses you.
You hit the frilled lizard.
You kill the frilled lizard!
You feel sick.
No target in view!
b - a +1 sling (weapon)
You feel sick.
You start resting.
You feel sick.
You are no longer poisoned.
HP restored.
You see here an adder corpse.
x - 2 scrolls of identify (gained 1)
You see here an adder corpse.
You see here a rat corpse.
You see here a rat corpse.
You see here an adder corpse.
You enter the shallow water.
Moving in this stuff is going to be slow.
You enter the shallow water.
Moving in this stuff is going to be slow.
You enter the shallow water.
Moving in this stuff is going to be slow.
You enter the shallow water.
Moving in this stuff is going to be slow.
You enter the shallow water.
Moving in this stuff is going to be slow.
v - 2 golden potions (gained 1)
p - 3 scrolls labelled ABRIEZ HITT (gained 1)
You enter the shallow water.
Moving in this stuff is going to be slow.
You enter the shallow water.
Moving in this stuff is going to be slow.
You enter the shallow water.
Moving in this stuff is going to be slow.
You enter the shallow water.
Moving in this stuff is going to be slow.
You enter the shallow water.
Moving in this stuff is going to be slow.
You see here an adder corpse.
You enter the shallow water.
Moving in this stuff is going to be slow.
You enter the shallow water.
Moving in this stuff is going to be slow.
You see here an adder skeleton.
You enter the shallow water.
Moving in this stuff is going to be slow.
You enter the shallow water.
Moving in this stuff is going to be slow.
You enter the shallow water.
Moving in this stuff is going to be slow.
You enter the shallow water.
Moving in this stuff is going to be slow.
Things that are here:
a frilled lizard skeleton; an adder skeleton You enter the shallow water.
Moving in this stuff is going to be slow.
You enter the shallow water.
Moving in this stuff is going to be slow.
You enter the shallow water.
Moving in this stuff is going to be slow.
A frilled lizard comes into view.
You shoot a sling bullet.
The sling bullet hits the frilled lizard.
You kill the frilled lizard!
A ball python comes into view.
You shoot a sling bullet. The sling bullet hits the ball python.
You kill the ball python!
You enter the shallow water.
Moving in this stuff is going to be slow.
You see here a ball python corpse.
You enter the shallow water.
Moving in this stuff is going to be slow.
i - 3 emerald potions (gained 1)
l - 3 scrolls labelled ICWYGEVIOM (gained 1) Done exploring.
Done exploring.
Search for what [Enter for "d:", or ? for help]? sewer Unknown command.
You enter the shallow water.
Moving in this stuff is going to be slow.
You see here a ball python corpse.
You enter the shallow water.
Moving in this stuff is going to be slow.
You enter the shallow water.
Moving in this stuff is going to be slow.
You enter the shallow water.
Moving in this stuff is going to be slow.
You enter the shallow water.
Moving in this stuff is going to be slow.
You enter the shallow water.
Moving in this stuff is going to be slow.
There is a gate leading back out of this place here.
As you read the scroll of identify, it crumbles to dust.
o - a scroll of noise
As you read the scroll of identify, it crumbles to dust.
l - 3 scrolls of blinking Welcome back to the Dungeon!
There is a collapsed entrance here.
You enter the shallow water.
Moving in this stuff is going to be slow.
Found a leather armour.
You see here a +0 leather armour.
There is a stone staircase leading down here.
There is a stone staircase leading up here.
You now have 146 gold pieces (gained 13).
A kobold comes into view. It is wielding a +0 short sword.
You shoot a sling bullet.
The sling bullet hits the kobold but does no damage.
The kobold shouts!
The kobold throws a stone.
The stone misses you.
You shoot a sling bullet.
The sling bullet barely misses the kobold.
You shoot a sling bullet.
The sling bullet barely misses the kobold.
The kobold throws a stone.
The stone misses you.
You shoot a sling bullet. The sling bullet hits the kobold!
You kill the kobold!
An adder comes into view.
You shoot a sling bullet. The sling bullet misses the adder.
The adder hisses angrily.
You shoot a sling bullet.
The sling bullet hits the adder but does no damage.
You shoot a sling bullet. The sling bullet hits the adder!
The adder is almost dead.
The adder completely misses you.
You sense an unholy aura.
a - a +2 whip of draining (weapon)
You hit the adder.
You kill the adder!
b - a +1 sling (weapon)
You see here an adder corpse.
You now have 159 gold pieces (gained 13).
Things that are here:
a +0 short sword; 5 stones; a kobold corpse
p - 4 scrolls labelled ABRIEZ HITT (gained 1)
A goblin comes into view. It is wielding a +0 club.
You shoot a sling bullet. The sling bullet hits the goblin!
You kill the goblin!
No target in view!
Found a mace.
Found a stone staircase leading down. 2 orcs come into view.
Found 8 gold pieces.
You see here a +0 mace.
You shoot a sling bullet. The sling bullet hits the orc!
The orc shouts!
The orc is almost dead.
An orc comes into view. It is wielding a +0 whip.
You shoot a sling bullet. The sling bullet hits the orc.
You kill the orc!
You hear a shout!
You shoot a sling bullet.
The sling bullet hits the orc but does no damage.
You shoot a sling bullet.
The sling bullet hits the orc but does no damage.
You hear a shout!
An orc comes into view. It is wielding a +0 short sword.
An orc comes into view. It is wielding a +0 club.
The orc moves out of view.
You shoot a sling bullet. The sling bullet hits the orc.
The orc is lightly wounded.
You hear a shout!
You shoot a sling bullet. The sling bullet hits the orc.
You kill the orc!
A hobgoblin comes into view.
You sense an unholy aura.
a - a +2 whip of draining (weapon)
You closely miss the orc. The orc hits you but does no damage.
The orc barely misses you.
You completely miss the orc. The orc hits you but does no damage.
You hit the orc. You drain the orc.
You kill the orc!
You barely miss the orc. The orc misses you.
You hit the orc but do no damage. You drain the orc.
The orc is moderately wounded.
The orc hits you with a +0 short sword.
You hit the orc.
You kill the orc!
You hit the hobgoblin. You drain the hobgoblin.
You kill the hobgoblin!
You closely miss the orc. The orc barely misses you.
You hit the orc. You drain the orc.
You kill the orc!
No target in view!
b - a +1 sling (weapon)
HP restored.
Items here: )))) [[ ††.
Things that are here:
a +0 whip; a +0 chain mail
u - 5 boomerangs (gained 3)
You now have 167 gold pieces (gained 8).
Found a stone staircase leading down.
You now have 176 gold pieces (gained 9).
You now have 189 gold pieces (gained 13).
You now have 202 gold pieces (gained 13).
A goblin comes into view. It is wielding a +0 club.
You shoot a sling bullet. The sling bullet hits the goblin!
You kill the goblin!
No target in view!
No target in view!
You see here a +0 club.
Found a mace.
You see here a +2 hand axe of electrocution.
An orc comes into view. It is wielding a +0 club.
You shoot a sling bullet. The sling bullet hits the orc.
You kill the orc!
Things that are here:
a +0 club; a +0 ring mail
Found a leather armour.
Found a stone staircase leading up.
You now have 215 gold pieces (gained 13).
A kobold comes into view. It is wielding a +0 short sword.
You shoot a sling bullet. The sling bullet hits the kobold!
You kill the kobold!
A goblin comes into view. It is wielding a +0 club.
You shoot a sling bullet. The sling bullet hits the goblin.
You kill the goblin!
No target in view!
No target in view!
n - 3 orange potions (gained 1)
You see here a +0 short sword.
You see here a +0 short sword.
You see here a +0 club.
You see here a +0 leather armour.
You open the door.
Found Hehyg's Magic Scroll Shop.
There is an open door here.
There is an entrance to Hehyg's Magic Scroll Shop here.
x - a scroll of identify;
x - 2 scrolls of identify (gained 1) Thank you for shopping at Hehyg's Magic Scroll Shop!
As you read the scroll of identify, it crumbles to dust.
p - 4 scrolls of enchant armour
There is an open door here.
You see here a +0 dagger.
There is a stone staircase leading down here.
Done exploring.
Done exploring.
Search for what [Enter for "sewer", or ? for help]? d: Unknown command.
There is a stone staircase leading down here.
You climb downwards.
Found an escape hatch in the floor.
There is a stone staircase leading up here.
You climb upwards.
There is a stone staircase leading down here.
There is a stone staircase leading up here.
There is a stone staircase leading down here.
You climb downwards.
There is a stone staircase leading up here.
You shoot a sling bullet. The sling bullet hits the orc!
You kill the orc!
No target in view!
A quokka comes into view.
You shoot a sling bullet.
The sling bullet closely misses the quokka.
You hear a shout! x2
You shoot a sling bullet. The sling bullet hits the quokka!
You kill the quokka!
Your Stealth skill increases to level 3!
No target in view!
A gnoll comes into view. It is wielding a +0 flail.
Things that are here:
a +0 club; a boomerang of dispersal You shoot a sling bullet.
The sling bullet hits the gnoll!
The gnoll is heavily wounded.
You hear a shout!
A gnoll comes into view. It is wielding a +0 spear.
There is a stone staircase leading up here.
You sense an unholy aura.
a - a +2 whip of draining (weapon)
The gnoll hits you with a +0 flail.
You climb upwards.
There is a stone staircase leading down here.
You hit the gnoll.
You kill the gnoll!
No target in view!
You start resting.
HP restored.
You climb downwards.
There is a stone staircase leading up here.
b - a +1 sling (weapon)
You shoot a sling bullet. The sling bullet hits the gnoll.
The gnoll is heavily wounded.
You shoot a sling bullet. The sling bullet hits the gnoll.
The gnoll is severely wounded.
A gnoll comes into view. It is wielding a +0 flail.
You shoot a sling bullet.
The sling bullet barely misses the gnoll.
You shoot a sling bullet. The sling bullet hits the gnoll.
You kill the gnoll!
The gnoll throws a throwing net.
The throwing net hits you.
You become entangled in the net!
You struggle against the net.
You struggle against the net.
You shred the net and break free! You shoot a sling bullet.
The sling bullet barely misses the gnoll.
You shoot a sling bullet.
The sling bullet barely misses the gnoll.
You sense an unholy aura.
a - a +2 whip of draining (weapon)
The gnoll misses you.
You hit the gnoll. You drain the gnoll.
The gnoll is severely wounded.
The gnoll barely misses you.
You barely miss the gnoll.
The gnoll is severely wounded.
The gnoll barely misses you.
You barely miss the gnoll.
The gnoll is severely wounded.
The gnoll barely misses you.
You hit the gnoll.
You kill the gnoll!
There are no items here.
b - a +1 sling (weapon)
An iguana comes into view.
The iguana hisses angrily.
You shoot a sling bullet. The sling bullet hits the iguana.
The iguana is moderately wounded.
You shoot a sling bullet. The sling bullet hits the iguana.
The iguana is moderately wounded.
You shoot a sling bullet.
The sling bullet closely misses the iguana.
You shoot a sling bullet. The sling bullet hits the iguana!
The iguana is severely wounded.
You shoot a sling bullet. The sling bullet hits the iguana.
The iguana is almost dead.
The iguana barely misses you.
You sense an unholy aura.
a - a +2 whip of draining (weapon)
You hit the iguana.
You kill the iguana!
No target in view!
b - a +1 sling (weapon)
A scorpion and an adder come into view.
You shoot a sling bullet. The sling bullet hits the scorpion.
The scorpion is lightly wounded.
Casting: Slow (safe; 9% risk of failure)
Confirm with . or Enter, or press ? or * to list all spells.
Aiming: Slow (safe; 9% risk of failure)
Press: ? - help, Shift-Dir - straight line, f/p - scorpion
Aim: a scorpion (lightly wounded, chance to affect: 41%)
The scorpion resists with some effort.
You sense an unholy aura.
a - a +2 whip of draining (weapon)
You closely miss the scorpion.
The scorpion is lightly wounded.
The scorpion stings you.
You hit the scorpion. You drain the scorpion.
The scorpion is heavily wounded.
The scorpion barely misses you.
The scorpion stings you but does no damage.
You closely miss the scorpion.
The scorpion is heavily wounded.
The scorpion stings you.
You are poisoned.
The scorpion poisons you!
You hit the scorpion.
The scorpion is severely wounded.
You feel very sick. The scorpion closely misses you.
You closely miss the scorpion.
The scorpion is severely wounded.
You feel sick. The scorpion stings you.
You are more poisoned.
The scorpion poisons you!
You hit the scorpion but do no damage.
The scorpion is severely wounded.
You feel very sick. The scorpion stings you. x2
You closely miss the scorpion.
The scorpion is severely wounded.
You feel sick.
The scorpion stings you but does no damage.
You hit the scorpion. You drain the scorpion.
The scorpion is almost dead.
You feel very sick.
The scorpion stings you but does no damage.
It was a potion of curing.
You feel better. The scorpion closely misses you. The scorpion stings you.
You hit the scorpion but do no damage. You drain the scorpion.
You kill the scorpion!
The adder bites you.
Your Ranged Weapons skill increases to level 5!
You closely miss the adder. The adder bites you but does no damage.
You whack the adder!
The adder is severely wounded.
The adder closely misses you. The adder bites you.
You closely miss the adder.
The adder is severely wounded.
The adder misses you.
You hit the adder.
You kill the adder!
No target in view!
b - a +1 sling (weapon)
HP restored.
You see here an adder corpse.
A scorpion is nearby!
You shoot a sling bullet. The sling bullet hits the scorpion.
The scorpion is moderately wounded.
You shoot a sling bullet.
The sling bullet barely misses the scorpion.
You shoot a sling bullet.
The sling bullet closely misses the scorpion.
You shoot a sling bullet.
The sling bullet barely misses the scorpion.
You sense an unholy aura.
a - a +2 whip of draining (weapon)
You hit the scorpion.
The scorpion is moderately wounded.
The scorpion misses you.
You hit the scorpion but do no damage. You drain the scorpion.
The scorpion is heavily wounded.
The scorpion barely misses you.
The scorpion stings you but does no damage.
You hit the scorpion.
The scorpion is severely wounded.
The scorpion closely misses you.
You barely miss the scorpion.
The scorpion is severely wounded.
The scorpion stings you but does no damage.
You closely miss the scorpion.
The scorpion is severely wounded.
The scorpion closely misses you. x2
You hit the scorpion.
You kill the scorpion!
b - a +1 sling (weapon)
You now have 188 gold pieces (gained 13).
As you open the door, it creaks loudly!
Found 5 stones.
There is an open door here.
Found a runed translucent door.
Found a runed translucent door.
The killer bee buzzes angrily. x2
The giant cockroach waves its antennae.
You open the door.
There is an open door here.
You now have 203 gold pieces (gained 15).
There is an open door here.
Found a stone staircase leading down.
Found a ring mail.
An adder comes into view.
Found an escape hatch in the ceiling.
You see here a green potion.
r - 4 green potions (gained 1)
You shoot a sling bullet.
The sling bullet completely misses the adder.
You shoot a sling bullet. The sling bullet hits the adder!
You kill the adder!
No target in view!
Things that are here:
a boomerang of dispersal; a +0 club
y - a boomerang of dispersal
Found a stone staircase leading down.
You now have 216 gold pieces (gained 13).
A gnoll comes into view. It is wielding a +0 club.
You shoot a sling bullet.
The sling bullet hits the gnoll but does no damage.
A gnoll comes into view. It is wielding a +0 club.
You shoot a sling bullet.
The sling bullet barely misses the gnoll.
You shoot a sling bullet. The sling bullet hits the gnoll.
The gnoll is moderately wounded.
You shoot a sling bullet. The sling bullet hits the gnoll.
The gnoll is severely wounded.
You shoot a sling bullet. The sling bullet hits the gnoll!
You kill the gnoll!
No target in view!
A gnoll sergeant and a gnoll come into view.
The gnoll shouts!
You hear a shout! x2
You shoot a sling bullet.
The sling bullet completely misses the gnoll.
You shoot a sling bullet. The sling bullet hits the gnoll!
The gnoll is severely wounded.
You shoot a sling bullet.
The sling bullet closely misses the gnoll.
You shoot a sling bullet. The sling bullet hits the gnoll.
You kill the gnoll!
No target in view!
You see here a +0 spear.
A gnoll comes into view. It is wielding a +0 spear.
The gnoll moves out of view.
A gnoll sergeant is nearby!
You shoot a sling bullet.
The gnoll sergeant blocks the sling bullet.
You see here a +0 spear.
You shoot a sling bullet.
The sling bullet hits the gnoll sergeant but does no damage.
You sense an unholy aura.
a - a +2 whip of draining (weapon)
The gnoll sergeant hits you with a +0 spear.
The gnoll sergeant blocks your attack.
The gnoll sergeant hits you with a +0 spear!
A gnoll comes into view. It is wielding a +0 whip.
The gnoll shouts!
You hit the gnoll sergeant but do no damage.
You drain the gnoll sergeant.
The gnoll sergeant is lightly wounded.
You hear a shout!
The gnoll sergeant hits you with a +0 spear!
You hit the gnoll sergeant. You drain the gnoll sergeant.
The gnoll sergeant is moderately wounded.
The gnoll sergeant hits you with a +0 spear.
You hit the gnoll sergeant.
The gnoll sergeant is moderately wounded.
The gnoll sergeant completely misses you.
The gnoll sergeant hits you with a +0 spear!
You hit the gnoll sergeant. You drain the gnoll sergeant.
The gnoll sergeant is heavily wounded.
The gnoll hits you from afar with a +0 spear.
The gnoll sergeant misses you.
The gnoll sergeant hits you from afar with a +0 spear.
An orc wizard comes into view. It is wielding a +0 dagger.
The orc wizard moves out of view.
The orc wizard shouts!
You hear a shout!
The orc wizard gestures at you while chanting.
The magic dart hits you.
* * * LOW HITPOINT WARNING * * *
An orc comes into view. It is wielding a +0 mace.
An orc comes into view. It is wielding a +0 short sword.
As you read the scroll of fear, it crumbles to dust.
You assume a fearsome visage.
The gnoll sergeant looks frightened!
The gnoll looks frightened! x3; The orc looks frightened!
The orc shouts!
The orc wizard looks frightened!
The orc looks frightened!
You hear a shout!
The orc wizard mumbles some strange words.
The orc wizard flickers and vanishes!
Deactivating autopickup; reactivate with Ctrl-A.
You hit something.
An orc comes into view. It is wielding a +0 mace.
Something hits you but does no damage.
The orc moves out of view.
You hit something. Something hits you.
* * * LOW HITPOINT WARNING * * *
You miss something. Something hits you.
* * * LOW HITPOINT WARNING * * *
The orc shouts!
You hit something.
You hear some strange, mumbled words.
A puff of flame appears from out of thin air!
The puff of flame hits you. You resist.
* * * LOW HITPOINT WARNING * * *
You hit something.
Reactivating autopickup.
You feel a bit more experienced. The orc hits you but does no damage.
Items here: $ ) [ †.
You closely miss the orc. The orc hits you with a +0 mace.
* * * LOW HITPOINT WARNING * * *
You hit the orc.
The orc is lightly wounded.
The orc barely misses you.
You barely miss the orc. You punch the orc, but do no damage.
The orc is lightly wounded.
The orc hits you with a +0 mace.
You die...

Skill      XL: |  1  2  3  4  5  6 |
---------------+-------------------+-----
Ranged Weapons | 2 3 4 5 |  5.3
Dodging        | 2 3 |  3.8
Stealth        | 1 2 3 |  3.5
Fighting       | |  0.8
Spellcasting   | |  1.0
Hexes          | |  2.6

Action                     |  1- 3 |  4- 6 || total
---------------------------+-------+-------++-------
  Melee: Whip              |    33 |   171 ||   204
         Punch             |       |     2 ||     2
   Fire: Sling             |    89 |   198 ||   287
   Cast: Slow              |       |     1 ||     1
    Use: Scroll            |       |     8 ||     8
         Potion            |       |     1 ||     1
 Armour: Robe              |     9 |    47 ||    56
  Dodge: Dodged            |    43 |   133 ||   176

Levels and vault maps discovered:
D:1:      wander_arrival_lonely_grave, layout_basic,
          dreamdust_ecumenical_altar_hidden_monk_grotto
D:2:      layout_loops_corners, solitary_fountain, st_stairs_1
D:3:      layout_loops_ring, riverfiend_overflow_shadow_ancestor, bloody_makhleb
D:4:      layout_loops_ring, portal_sewer_entry_f, serial_shops,
          kennysheep_mini_moat, roderic_roman_lattice, hangedman_decor_riveting
D:5:      lemuel_insect_pit, layout_layer_cave, nicolae_wu_jian_wuxing_cycle,
          chequers_serial_rivers_small_3

Notes
Turn   | Place    | Note
-------+----------+-------------------------------------------
     0 | D:1      | scionoferis the Demigod Hexslinger began the quest for the
                  | Orb.
     0 | D:1      | Reached XP level 1. HP: 15/15 MP: 4/4
   178 | D:1      | Reached skill level 2 in Ranged Weapons
   211 | D:1      | Reached skill level 2 in Dodging
   271 | D:1      | Reached XP level 2. HP: 22/22 MP: 5/5
   425 | D:1      | Reached skill level 1 in Stealth
   672 | D:1      | Reached XP level 3. HP: 19/27 MP: 6/6
   907 | D:2      | Reached skill level 3 in Ranged Weapons
  1133 | D:2      | Reached XP level 4. HP: 31/34 MP: 8/8
  1641 | D:2      | Reached skill level 2 in Stealth
  1869 | D:3      | Reached XP level 5. HP: 39/39 MP: 9/9
  1994 | D:3      | Reached skill level 3 in Dodging
  2199 | D:3      | Reached skill level 4 in Ranged Weapons
  2598 | D:3      | Noticed a shadow
  2916 | D:4      | Found a glowing drain.
  2952 | Sewer    | Entered a sewer
  3280 | Sewer    | Reached XP level 6. HP: 46/46 MP: 10/10
  3958 | D:4      | Found Hehyg's Magic Scroll Shop.
  3961 | D:4      | Bought a scroll of identify for 20 gold pieces
  3961 | D:4      | Bought a scroll of identify for 20 gold pieces
  4117 | D:5      | Entered Level 5 of the Dungeon
  4158 | D:5      | Reached skill level 3 in Stealth
  4237 | D:5      | Reached skill level 5 in Ranged Weapons
  4368 | D:5      | Found a runed translucent door.
  4370 | D:5      | Found a runed translucent door.
  4567 | D:5      | HP: 3/46 [orc/+0 mace (5)]
  4569 | D:5      | Slain by an orc

Vanquished Creatures
  2 scorpions (D:5)
  2 hounds (D:3 D:4)
  2 iguanas (D:2 D:5)
  An orc wizard (D:5)
  5 gnolls (D:4 D:5)
  2 river rats (Sewer)
  14 adders (D:1 D:2 D:3 Sewer D:4)
  5 dart slugs (D:2 D:3)
  5 worms (D:2 D:3 D:4)
  13 orcs (D:3 D:4 D:5)
  11 ball pythons (D:1 D:2 D:3 Sewer)
  3 endoplasms (D:2 D:4)
  4 giant cockroaches (D:1 D:2 D:4)
  6 goblins (D:1 D:3 D:4)
  9 hobgoblins (D:1 D:2 D:3 D:4)
  3 jackals (D:3)
  8 quokkas (D:2 D:3 D:4 D:5)
  6 bats (D:1 D:2 D:3)
  11 frilled lizards (D:1 D:2 D:3 Sewer)
  9 kobolds (D:1 D:2 D:3 D:4)
  11 rats (D:1 D:2 D:3 Sewer)
132 creatures vanquished.

Vanquished Creatures (others)
  2 fungi (D:1)
  3 plants (D:1)
5 creatures vanquished.

Grand Total: 137 creatures vanquished

Table legend: (Time is in decaauts)
 A = Elapsed time spent in this place.
 B = Non-inter-level travel time spent in this place.
 C = Inter-level travel time spent in this place.
 D = Time resting spent in this place.
 E = Time spent auto-exploring this place.
 F = Levels seen in this place.
 G = Mean time per level.
                   A        B        C        D        E       F      G
               +--------+--------+--------+--------+--------+-----+--------+
         Total |   4668 |   4501 |    167 |    417 |   2905 |   6 |  778.0 |
       Dungeon |   3992 |   3825 |    167 |    230 |   2568 |   5 |  798.4 |
         Sewer |    676 |    676 |      0 |    187 |    337 |   1 |  676.0 |
               +--------+--------+--------+--------+--------+-----+--------+

Top non-repeatable levels by time:
     D:2: 1157 daAuts
     D:3: 883 daAuts
     D:4: 831 daAuts
     D:1: 706 daAuts
   Sewer: 676 daAuts
     D:5: 413 daAuts

Table legend:
 A = Non-vault XP
 B = Vault XP
 C = Vault XP percentage of total XP
 D = Non-vault monster count
 E = Vault monster count
 F = Vault count percentage of total count
                 A         B        C        D         E       F
            +---------+---------+-------+---------+---------+-------
      Total |     755 |     109 |  12.6 |     106 |      26 |  19.7
            +---------+---------+-------+---------+---------+-------
        D:1 |      66 |       0 |   0.0 |      28 |       0 |   0.0
        D:2 |      99 |      17 |  14.7 |      19 |       3 |  13.6
        D:3 |     147 |       0 |   0.0 |      29 |       0 |   0.0
        D:4 |     107 |      12 |  10.1 |      18 |       6 |  25.0
        D:5 |     336 |       0 |   0.0 |      12 |       0 |   0.0
      Sewer |       0 |      80 | 100.0 |       0 |      17 | 100.0
            +---------+---------+-------+---------+---------+-------
